 Dungeon Crawl Stone Soup version 0.18-a0-1405-g73f4075 (webtiles) character file.

692922 namelastname112 the Cloud Mage (level 27, -10/218 HPs)
             Began as a Purple Draconian Conjurer on Feb 24, 2016.
             Was the Champion of Dithmenos.
             Mangled by an emperor scorpion (35 damage)
             ... on level 18 of a ziggurat on Feb 25, 2016.
             The game lasted 04:45:36 (90555 turns).

namelastname112 the Cloud Mage (DrCj)              Turns: 90555, Time: 04:45:36

Health: -10/218    AC: 22    Str: 12    XL:     27
Magic:  1/47       EV: 12    Int: 44    God:    Dithmenos [******]
Gold:   7754       SH: 18    Dex: 10    Spells: 11 memorised, 9 levels left

rFire  + + .     SeeInvis +     Q - +9 Staff of Wucad Mu {channel}
rCold  + . .     Gourm    .     (armour unavailable)
rNeg   . . .     Faith    .     U - +3 buckler {rF+}
rPois  +         Spirit   .     E - +2 hat {Int+3}
rElec  +         Dismiss  .     V - +2 cloak {+Inv}
rCorr  .         Reflect  +     z - +0 pair of gloves of the Untouchables {Regen+ Int+7 Slay-4 SInv}
SustAt +         Harm     .     D - +2 pair of boots {run}
MR     ++++.                    y - brooch of Shielding {Reflect SH+8}
Stlth  +.........               X - ring "Pikoupyz" {SustAt rPois}
                                A - ring "Fisamniodgh" {rElec rF+ Int+10 Dex-5}

@: lethally poisoned (-10 -> -12), grasped by roots, contaminated, glowing,
studying 2 skills, slow, incredibly resistant to hostile enchantments, very
unstealthy
A: breathe power, unfitting armour, antennae 1, cold resistance 1, mutation
resistance 1, regeneration 1, cold-blooded, AC +13
a: Breathe Dispelling Energy, Shadow Step, Shadow Form, Renounce Religion, Evoke
Invisibility
}: 4/15 runes: decaying, serpentine, slimy, silver


You were on level 18 of a ziggurat.
You worshipped Dithmenos.
Dithmenos was exalted by your worship.
You were not hungry.

You visited 10 branches of the dungeon, and saw 53 of its levels.
You visited 1 bazaar.
You visited 1 ziggurat, and saw 18 of its levels.
You also visited: Labyrinth, Ice Cave and Wizlab.

You collected 9846 gold pieces.
You spent 2092 gold pieces at shops.

Inventory:

Hand Weapons
 Q - the +9 Staff of Wucad Mu (weapon) {channel}
   (You found it in a wizard's laboratory)
Armour
 b - the +2 shield of Resistance {rF+ rC+ MR+}
   (You found it on level 14 of a ziggurat)

   It protects you from fire.
   It protects you from cold.
   It affects your resistance to hostile enchantments.
 z - the +0 pair of gloves of the Untouchables (worn) {Regen+ Int+7 Slay-4 SInv}
   (You found it on level 3 of the Swamp)

   It affects your intelligence (+7).
   It affects your accuracy and damage with ranged weapons and melee attacks
   (-4).
   It lets you see invisible.
   It increases your rate of regeneration.
 D - a +2 pair of boots of running (worn)
 E - a +2 hat of intelligence (worn)
 U - a +3 buckler of fire resistance (worn)
 V - a +2 cloak of invisibility (worn)
Magical Staves
 d - an uncursed staff of wizardry
Jewellery
 y - the brooch of Shielding (around neck) {Reflect SH+8}
   (You took it off a deep elf demonologist on level 3 of the Elven Halls)

   [amulet of reflection]

   It shields you and reflects attacks.
   It affects your SH (+8).
 A - the ring "Fisamniodgh" (left hand) {rElec rF+ Int+10 Dex-5}
   (You took it off a salamander stormcaller on level 4 of the Depths)

   [ring of protection from fire]

   It affects your intelligence (+10).
   It affects your dexterity (-5).
   It protects you from fire.
   It insulates you from electricity.
 R - the ring of Shadows {Umbra +Inv rN+ SInv}
   (You found it on level 11 of a ziggurat)

   [ring of positive energy]

   It protects you from negative energy.
   It lets you see invisible.
   It lets you turn invisible.
 X - the ring "Pikoupyz" (right hand) {SustAt rPois}
   (You took it off a deep elf sorcerer on level 3 of the Elven Halls)

   [ring of sustain attributes]

   It sustains your strength, intelligence and dexterity.
   It protects you from poison.
 Z - the amulet of the Mantidfly {MR+ Regen+ Str+7 Int+5}
   (You took it off an ironbrand convoker on level 5 of the Vaults)

   [amulet of regeneration]

   It affects your strength (+7).
   It affects your intelligence (+5).
   It affects your resistance to hostile enchantments.
   It increases your rate of regeneration.
Wands
 g - a wand of digging (6/24)
 C - a wand of teleportation (2/9)
 I - a wand of heal wounds (0/9)
 L - a wand of heal wounds (0/9)
Scrolls
 e - 5 scrolls of fear
 h - 39 scrolls of remove curse
 k - 22 scrolls of teleportation
 n - a scroll of summoning
 q - 7 scrolls of identify
 t - 14 scrolls of recharging
 H - 6 scrolls of amnesia
 M - 7 scrolls of fog
 T - 6 scrolls of magic mapping
Potions
 f - 3 potions of haste
 o - 15 potions of flight
 p - 2 potions of resistance
 r - a potion of invisibility
 u - 7 potions of heal wounds
 v - 24 potions of curing
 w - 8 potions of cure mutation
 F - 7 potions of agility
 J - 2 potions of cancellation
 N - 2 potions of experience
 P - 4 potions of magic
 S - 9 potions of brilliance
Books
 a - a manual of Spellcasting
 i - a manual of Stealth
 W - a book of Annihilations

   Spells                             Type                      Level
   a - Poison Arrow                   Conjuration/Poison           6
   b - Chain Lightning                Conjuration/Air              8
   c - Lehudib's Crystal Spear        Conjuration/Earth            8
   d - Glaciate                       Conjuration/Ice              9
   e - Fire Storm                     Conjuration/Fire             9
Miscellaneous
 c - a box of beasts {used: 1}
 j - a phial of floods
 m - a fan of gales (inert)
 s - a stone of tremors
 x - a disc of storms
 O - a sack of spiders {used: 1}
Comestibles
 l - 6 meat rations
 B - 28 bread rations
 G - 7 royal jellies
 Y - 30 fruits


   Skills:
 + Level 12.7 Fighting
 - Level 12.5 Dodging
 - Level 1.7 Stealth
 - Level 15.2 Shields
 - Level 20.5 Spellcasting
 - Level 17.9 Conjurations
 - Level 8.7 Charms
 - Level 16.8 Necromancy
 - Level 13.4 Transmutations
 * Level 8.8 Ice Magic
 - Level 24.6 Air Magic
 - Level 9.3 Invocations
 - Level 16.7 Evocations


You had 9 spell levels left.
You knew the following spells:

 Your Spells              Type           Power        Failure   Level  Hunger
a - Iskenderun's Battles  Conj/Chrm      ########     1%          5    None
b - Haste                 Chrm           #######.     1%          6    None
c - Apportation           Tloc           #####.....   1%          1    None
d - Tornado               Air            ########..   2%          9    ###....
e - Deflect Missiles      Chrm/Air       ########..   1%          6    None
f - Freezing Cloud        Conj/Ice/Air   ########..   1%          6    None
g - Regeneration          Chrm/Necr      ########..   0%          3    None
h - Necromutation         Trmt/Necr      ########..   8%          8    None
s - Orb of Destruction    Conj           ########..   1%          7    None
x - Conjure Ball Lightni  Conj/Air       ########..   0%          6    None
z - Magic Dart            Conj           ####         0%          1    None


Dungeon Overview and Level Annotations

Branches:
Dungeon (15/15)            Temple (1/1) D:6            Lair (8/8) D:11
  Swamp (4/4) Lair:3        Snake (4/4) Lair:3        Slime (6/6) Lair:7
    Orc (2/2) D:10            Elf (3/3) Orc:2        Vaults (5/5) D:14
  Crypt (0/3) Vaults:3     Depths (5/5) D:15            Zot (0/5) Depths:5

Altars:
Ashenzari
Cheibriados
Dithmenos
Elyvilon
Fedhas
Gozag
Kikubaaqudgha
Makhleb
Nemelex Xobeh
Okawaru
Pakellas
Ru
Sif Muna
Vehumet
Xom
Yredelemnul
Zin
The Shining One
Beogh
Jiyva

Shops:
D:8 *   D:9 !   D:10 }   D:13 ?   Orc:2 ?:(}   Elf:3 (   Vaults:4 }*}=?
Depths:2 :

Portals:
Hell: Depths:1 Depths:2 Depths:3 Depths:4 Depths:5
Abyss: Depths:3 Depths:4
Pandemonium: Depths:1 Depths:3 Depths:5
Trove: Vaults:4 (give 11 potions of heal wounds)

Annotations:
Elf:2 3 runed doors


Innate Abilities, Weirdness & Mutations

You can breathe bolts of dispelling energy.
Your rich purple scales are hard (AC +13).
Your body does not fit into most forms of armour.
You are cold-blooded and may be slowed by cold attacks.
You have a pair of small antennae on your head.
Your flesh is cold resistant.
You are somewhat resistant to further mutation.
Your natural rate of healing is unusually fast.


Message History

The merfolk javelineer rages.
You hear an angry hiss.
The ghost moth stares at you. You block the thorn hunter's attack.
The thorn hunter hits you.
* * * LOW HITPOINT WARNING * * *
Unknown command.
Evoke which item? (* to show all) (? for menu, Esc to quit)
Okay, then.
Drink which item? (? for menu, Esc to quit)
You feel much better.
You feel sick. The emperor scorpion stings you!!
* * * LOW HITPOINT WARNING * * *
You emit a cloud of dark smoke.
You block the emperor scorpion's attack.
The emperor scorpion claws you.
* * * LOW HITPOINT WARNING * * *
The merfolk aquamancer mumbles some strange words.
The merfolk aquamancer blinks!
You block the greater naga's attack.
The thorn hunter hits you but does no damage.
You block the thorn hunter's attack. The emperor scorpion stings you!!
You die...

▓▓▓▓▓▓▓▓▓▓▓▓▓
▓▓...%.......▓▓
▓▓...........m.▓▓
▓▓..S............▓▓
▓▓..y.......N...%..▓▓
▓▓}?......§f§........▓▓
▓▓!)[..NyFNs@§N.§....§%▓▓
▓▓P[[§..yNyN##§§.....§...▓▓
▓:P=}§..NXNN#§#......§§.∩.▓
▓▓P$?y..m§.m###.y....§§..▓▓
▓▓|m§.§XXy..........§§.▓▓
▓▓s§§mftys...........▓▓
▓▓§§§S§..y§........▓▓
▓▓P§.%S..........▓▓
▓▓P......y.....▓▓


You could see an alligator snapping turtle (berserk), 3 tentacled monstrosities,
2 emperor scorpions, a naga warrior (fleeing), a thorn hunter, a shambling
mangrove, a merfolk avatar, 7 greater nagas, 2 merfolk javelineers, 4 ghost
moths, a merfolk aquamancer (fleeing), 3 moths of wrath, 3 guardian serpents, a
spiny frog (berserk), a naga mage and a wasp (berserk).

Vanquished Creatures
  the Royal Jelly (Slime:6)
  An ancient lich (Vaults:5)
  Mennas (Depths:1)
  A juggernaut (Zig:9)
  An iron giant (Depths:3)
  Sojobo (Vaults:5)
  Boris (Depths:4)
  Norris (Vaults:1)
  A caustic shrike (Zig:3)
  Saint Roka (Snake:2)
  Jory (Depths:3)
  7 golden dragons
  2 profane servitors (Zig:14)
  Xtahua (Vaults:2)
  3 liches
  Rupert (Lair:4)
  5 tentacled monstrosities
  3 deep elf blademasters
  Asterion (Vaults:1)
  4 titans
  5 deep elf master archers
  2 quicksilver dragons
  16 acid blobs
  3 Shadow Fiends (Zig:14)
  5 sphinxes
  An Executioner (Zig:4)
  Agnes (D:14)
  Gastronok (D:8)
  15 shadow dragons
  8 azure jellies
  5 draconian monks
  6 tengu reavers
  8 storm dragons
  3 greater nagas (Snake:4)
  10 fire giants
  A thorn hunter (Swamp:1)
  A revenant (Zig:14)
  3 iron dragons
  15 frost giants
  2 balrugs
  5 daevas
  Donald (Orc:2)
  An orc warlord (Zig:9)
  5 ghost moths
  13 vault wardens
  6 draconian knights
  6 draconian scorchers
  4 draconian shifters
  Aizul (Snake:4)
  5 draconian zealots
  8 deep elf sorcerers
  Louise (Elf:3)
  3 angels (Depths:1)
  3 emperor scorpions (Zig:15)
  18 ironheart preservers
  7 deep elf elementalists
  2 orange crystal statues
  2 ghouls
  22 stone giants
  8 green draconians
  2 reapers (Depths:4)
  A spriggan defender (Depths:2)
  2 draconian annihilators (Zig:12)
  4 war gargoyles
  3 vampire knights
  3 draconian callers
  18 very ugly things
  3 salamander stormcallers (Depths:4)
  The ghost of Dirian the Severer, a journeyman MiFi of Makhleb (D:14)
  13 deep elf demonologists
  4 black draconians
  6 purple draconians
  12 deep elf annihilators
  A spark wasp (Zig:17)
  2 mottled draconians
  5 red draconians
  6 white draconians
  A black sun (Zig:14)
  2 eidola
  5 yellow draconians
  A spark wasp (shapeshifter) (Vaults:5)
  A blizzard demon (Depths:4)
  A jiangshi (Vaults:3)
  An ettin (shapeshifter) (Depths:2)
  A green death (Zig:10)
  14 ettins
  6 death oozes (Slime:6)
  7 deep elf death magi
  32 vault guards
  A minotaur (Lab)
  2 mummy priests (Zig:2)
  Josephine (Lair:4)
  5 deep elf high priests
  9 fire dragons
  15 ogre magi
  16 great orbs of eyes
  17 yaktaur captains
  5 rakshasas
  9 ice dragons
  7 spriggan air magi
  14 entropy weavers
  3 ghost crabs
  34 hydras
  A juggernaut simulacrum (Depths:4)
  24 naga warriors
  12 anacondas
  A monstrous demonspawn (Depths:5)
  7 deep troll shamans
  15 alligators
  13 centaur warriors
  5 death knights
  16 dancing weapons
  8 deep troll earth magi
  5 death yaks (Lair:4)
  15 tengu warriors
  A shock serpent (shapeshifter) (Vaults:2)
  A thrashing horror (Zig:4)
  7 orc high priests
  17 deep elf knights
  15 naga sharpshooters
  5 spriggan berserkers
  8 shock serpents
  Sonja (D:15)
  Nergalle (Orc:2)
  6 sun demons
  2 fire crabs (shapeshifter)
  2 wretched stars (Zig:4)
  5 skeletal warriors
  2 fire crabs
  4 soul eaters
  13 hell knights
  7 salamander mystics
  8 shadow wraiths
  A deep troll (shapeshifter) (D:15)
  4 iron trolls (Depths:3)
  6 cherubim (Depths:1)
  A sea snake (shapeshifter) (Depths:2)
  2 flayed ghosts
  2 death drakes (shapeshifter)
  22 deep trolls
  2 unseen horrors (Vaults:1)
  8 naga ritualists
  2 wizards
  3 spriggan druids
  A small abomination (Elf:2)
  A spectral iron dragon (Zig:14)
  A shambling mangrove (Swamp:4)
  19 deep elf archers
  18 ironbrand convokers
  11 swamp dragons
  6 hill giants
  16 orc knights
  2 lindwurms
  4 phantasmal warriors
  5 harpies (Vaults:4)
  A sphinx zombie (Vaults:3)
  A hill giant (shapeshifter) (Vaults:3)
  67 deep elf magi
  13 necromancers
  An orb spider (shapeshifter) (Depths:3)
  6 griffons
  12 orc sorcerers
  12 mana vipers
  11 orb spiders
  9 wolf spiders
  A hornet (shapeshifter) (D:13)
  The ghost of namelastname112 the Conjurer, a novice DrCj of Dithmenos (D:6)
  9 oklob plants
  22 salamanders
  10 hornets
  38 ugly things
  A manticore (shapeshifter) (Elf:3)
  2 manticores
  4 moths of wrath
  2 shining eyes
  A sphinx skeleton (Vaults:3)
  5 cyclopes
  A sixfirhy (Depths:5)
  A stone giant zombie (Depths:1)
  4 guardian serpents
  Maurice (D:8)
  13 elephants
  9 rust devils
  2 octopodes (shapeshifter)
  Joseph (D:10)
  A torpor snail (shapeshifter) (Depths:3)
  2 black mambas (shapeshifter)
  A guardian serpent (shapeshifter) (D:13)
  14 vault sentinels
  A spectral elf (Zig:14)
  6 torpor snails
  33 black mambas
  An eye of devastation (shapeshifter) (Vaults:5)
  3 ice statues
  2 orange demons (Depths:5)
  5 gargoyles
  4 eyes of devastation
  38 spiny frogs
  2 kobold demonologists
  36 naga magi
  A hellion (Depths:5)
  10 demonic crawlers
  4 efreet
  A yaktaur zombie (Vaults:3)
  2 human zombies (Vaults:3)
  2 freezing wraiths
  5 ice devils (Depths:4)
  8 komodo dragons
  39 yaktaurs
  A yaktaur skeleton (Depths:1)
  A spectral human (Zig:14)
  A guardian mummy (Zig:2)
  2 fire drakes
  A minotaur zombie (Lab)
  2 red devils (Depths:4)
  5 tengu conjurers
  A jumping spider (shapeshifter) (D:13)
  2 polar bears
  9 jumping spiders
  9 giant leeches
  9 trolls
  22 blink frogs
  A merfolk (D:12)
  A tengu simulacrum (Vaults:2)
  20 two-headed ogres
  2 bog bodies
  Prince Ribbit (D:8)
  A wind drake (shapeshifter) (D:13)
  A raiju (Zig:4)
  103 slime creatures
  A snapping turtle (shapeshifter) (Zig:6)
  Sigmund (D:4)
  A deep troll skeleton (Depths:1)
  5 boulder beetles
  A frost giant simulacrum (Depths:4)
  A shapeshifter (Vaults:3)
  23 flying skulls
  4 shadows
  18 air elementals
  12 spriggans
  10 wraiths
  A spriggan (shapeshifter) (D:13)
  17 redbacks
  16 humans (D:14)
  A tarantella (shapeshifter) (D:13)
  14 tarantellas
  7 water elementals
  3 wyverns
  4 fire elementals
  35 yaks
  2 hungry ghosts (D:11)
  6 golden eyes (Slime:5)
  4 basilisks
  7 hippogriffs
  A yaktaur simulacrum (Vaults:1)
  A neqoxec (Zig:4)
  44 vampire mosquitoes
  2 human simulacra (Vaults:2)
  A wolf (shapeshifter) (Vaults:5)
  10 insubstantial wisps
  A mottled dragon (D:13)
  58 nagas
  22 swamp worms
  6 wolves (Lair:2)
  7 wargs
  A soldier ant (D:14)
  16 water moccasins
  3 hell hounds (Depths:4)
  6 porcupines
  15 swamp drakes
  8 sky beasts
  19 ice beasts
  47 orc warriors
  19 wasps
  5 eyes of draining
  A black bear (D:9)
  A necrophage (D:13)
  8 boggarts (Vaults:1)
  44 ogres
  13 centaurs
  3 phantoms
  8 crocodiles
  2 big kobolds
  46 giant frogs
  Blork the orc (D:5)
  6 earth elementals
  A deep troll simulacrum (Vaults:1)
  A wyvern skeleton (D:13)
  3 scorpions
  25 wights
  25 killer bees
  An orc simulacrum (Vaults:1)
  A howler monkey (D:5)
  8 electric eels
  4 centaur zombies
  7 crimson imps
  2 giant frog zombies
  3 quasits
  24 jellies
  20 orc priests
  5 hounds
  36 orc wizards
  9 iguanas
  5 iron imps
  4 giant frog skeletons
  A lightning spire (Zig:11)
  18 worker ants
  46 sheep
  2 hound zombies (D:8)
  3 hound skeletons
  A mummy (Zig:2)
  A worker ant zombie (D:10)
  5 gnolls
  17 adders
  66 river rats
  2 shadow imps
  12 white imps (Lair:2)
  An ooze (D:1)
  An adder skeleton (D:5)
  6 worms
  A ball lightning (Depths:4)
  5 dart slugs
  4 giant geckos
  144 orcs
  A ball python (D:1)
  4 bats
  4 giant cockroaches
  8 goblins
  4 hobgoblins
  17 jackals
  A quokka (D:10)
  2 giant gecko skeletons
  5 giant newts
  21 kobolds
  7 rats
  3 crawling corpses
  A fire vortex (D:13)
  A fungus (Lair:8)
  7 plants
2832 creatures vanquished.

Vanquished Creatures (collateral kills)
  A vault warden (Vaults:1)
  An ironheart preserver (Vaults:1)
  A spriggan berserker (Depths:4)
  2 tengu warriors (Depths:4)
  3 ball lightnings
  3 slime creatures (Swamp:4)
  An elephant (Lair:8)
  A vault sentinel (Vaults:1)
  A spiny frog (Lair:8)
  A kobold demonologist (Vaults:1)
  A blink frog (Lair:8)
16 creatures vanquished.

Vanquished Creatures (others)
  Mara (Depths:4)
  A very ugly thing (Depths:2)
  2 stone giants
  A deep elf death mage (Vaults:5)
  2 yaktaur captains
  A spriggan air mage (Depths:4)
  3 tengu warriors (Depths:4)
  A spriggan berserker (Depths:4)
  A shock serpent (Zig:5)
  A quicksilver dragon simulacrum (Depths:4)
  A flayed ghost (Depths:2)
  918 ball lightnings
  2 deep elf magi
  An ugly thing (Depths:2)
  8 yaktaurs
  2 slime creatures
  2 air elementals (Depths:4)
  A centaur (Vaults:1)
  2 elf simulacra (Depths:4)
  2 orc wizards (Orc:2)
  A river rat (Lair:2)
  A briar patch (Zig:18)
  55 fulminant prisms
  16 fungi
  11 plants
1037 creatures vanquished.

Grand Total: 3885 creatures vanquished

Notes
Turn   | Place    | Note
--------------------------------------------------------------
     0 | D:1      | namelastname112 the Draconian Conjurer began the quest for the Orb.
     0 | D:1      | Reached XP level 1. HP: 14/14 MP: 3/3
   161 | D:1      | Reached XP level 2. HP: 18/20 MP: 0/5
   165 | D:1      | Learned a level 2 spell: Searing Ray
   585 | D:1      | Reached XP level 3. HP: 26/26 MP: 1/6
  1053 | D:2      | Found an opulent altar of Gozag.
  1058 | D:2      | Found a basalt altar of Yredelemnul.
  1058 | D:2      | Found a deep blue altar of Sif Muna.
  1069 | D:2      | Found a snail-covered altar of Cheibriados.
  1073 | D:2      | Found a blossoming altar of Fedhas.
  1615 | D:2      | Reached skill level 5 in Conjurations
  1888 | D:3      | Reached XP level 4. HP: 33/33 MP: 3/8
  1985 | D:3      | Noticed an ogre
  2058 | D:3      | Killed an ogre
  2058 | D:3      | Reached XP level 5. HP: 5/38 MP: 4/10
  2123 | D:3      | Learned a level 5 spell: Iskenderun's Battlesphere
  3432 | D:3      | Noticed an ogre
  4293 | D:4      | Noticed Sigmund
  4315 | D:4      | Killed Sigmund
  4315 | D:4      | Reached skill level 1 in Charms
  4315 | D:4      | Reached XP level 6. HP: 16/45 MP: 0/12
  4976 | D:4      | Reached skill level 5 in Spellcasting
  4976 | D:4      | Reached XP level 7. HP: 50/50 MP: 10/15
  4976 | D:4      | Your scales start taking on a rich purple colour.
  5135 | D:5      | Entered Level 5 of the Dungeon
  5135 | D:5      | Noticed Blork the orc
  5145 | D:5      | Killed Blork the orc
  5226 | D:5      | Found a shattered altar of Ashenzari.
  6338 | D:6      | Found a staircase to the Ecumenical Temple.
  6374 | D:6      | Reached XP level 8. HP: 35/57 MP: 7/17
  6496 | D:6      | Noticed namelastname112's ghost (novice DrCj)
  6518 | Temple   | Entered the Ecumenical Temple
  6532 | Temple   | Became a worshipper of Dithmenos the Shadowed
  6552 | Temple   | Gained mutation: You possess an exceptional clarity of mind. [potion of mutation]
  6552 | Temple   | Gained mutation: You are weak. (Str -2) [potion of mutation]
  6552 | Temple   | Gained mutation: You are dopey. (Int -2) [potion of mutation]
  6584 | D:6      | Killed namelastname112's ghost
  6584 | D:6      | Reached skill level 5 in Charms
  6956 | D:6      | Reached skill level 1 in Evocations
  7399 | D:7      | Reached XP level 9. HP: 62/62 MP: 13/20
  7480 | D:7      | Reached * piety under Dithmenos
  8020 | D:7      | Found a shattered altar of Ashenzari.
  8209 | D:8      | Noticed Prince Ribbit
  8216 | D:8      | Killed Prince Ribbit
  8512 | D:8      | Noticed Maurice
  8656 | D:8      | Killed Maurice
  8692 | D:8      | Found Veite's General Store.
  8814 | D:8      | Gained mutation: You have a pair of small antennae on your head. [mutagenic meat]
  8815 | D:8      | Gained mutation: Your tail ends in a poisonous barb. [mutagenic meat]
  8816 | D:8      | Gained mutation: You are frail (-10% HP). [mutagenic meat]
  8817 | D:8      | Gained mutation: Your tail ends in a sharp poisonous barb. [mutagenic meat]
  8818 | D:8      | Gained mutation: Your flesh is cold resistant. [mutagenic meat]
  9013 | D:8      | Noticed Gastronok
  9432 | D:8      | Killed Gastronok
  9432 | D:8      | Reached skill level 5 in Evocations
  9432 | D:8      | Reached XP level 10. HP: 45/62 MP: 1/23
  9556 | D:8      | Reached ** piety under Dithmenos
  9578 | D:8      | Found an iron altar of Okawaru.
  9597 | D:8      | Found a sacrificial altar of Ru.
 10086 | D:9      | Reached skill level 10 in Conjurations
 10478 | D:9      | Found Epoyw's Distillery.
 10519 | D:9      | Bought a potion of mutation for 32 gold pieces
 10519 | D:9      | Bought a potion of mutation for 32 gold pieces
 10519 | D:9      | Gained mutation: You are somewhat resistant to further mutation. [potion of mutation]
 10520 | D:9      | Gained mutation: You tend to lose your temper in combat. [potion of mutation]
 10521 | D:9      | Lost mutation: You tend to lose your temper in combat. [potion of cure mutation]
 10521 | D:9      | Lost mutation: You are dopey. (Int -2) [potion of cure mutation]
 10521 | D:9      | Lost mutation: Your tail ends in a sharp poisonous barb. [potion of cure mutation]
 10521 | D:9      | Lost mutation: You are weak. (Str -2) [potion of cure mutation]
 10521 | D:9      | Lost mutation: You possess an exceptional clarity of mind. [potion of cure mutation]
 10580 | D:9      | Reached skill level 10 in Spellcasting
 10919 | D:10     | Entered Level 10 of the Dungeon
 10932 | D:10     | Reached skill level 1 in Fighting
 11455 | D:10     | Reached *** piety under Dithmenos
 11715 | D:10     | Reached XP level 11. HP: 63/71 MP: 3/25
 11820 | D:10     | Noticed Joseph
 11828 | D:10     | Killed Joseph
 11892 | D:10     | Found a staircase to the Orcish Mines.
 12446 | D:10     | Reached **** piety under Dithmenos
 12760 | D:10     | Found Wucka's Gadget Emporium.
 13825 | D:11     | Learned a level 7 spell: Orb of Destruction
 13933 | D:11     | Found a staircase to the Lair.
 14025 | D:11     | Reached ***** piety under Dithmenos
 14170 | D:12     | Got a bloodstained great sword
 14174 | D:12     | Reached skill level 5 in Fighting
 14594 | D:12     | Noticed a centaur warrior
 14597 | D:12     | Killed a centaur warrior
 15323 | D:12     | Reached XP level 12. HP: 84/84 MP: 19/27
 15384 | D:12     | Identified the +7 great sword of Guile {pain, rPois rN+ MR+ Int-4} (You found it on level 12 of the Dungeon)
 15681 | D:13     | Found a labyrinth entrance.
 15690 | Lab      | Entered a labyrinth
 16214 | Lab      | Noticed a minotaur
 16220 | Lab      | Killed a minotaur
 16224 | Lab      | Identified the Compendium of the Rocks and Confrontation
 16488 | Lab      | Reached skill level 5 in Dodging
 16732 | D:13     | Found Ussufa Uxkag's Magic Scroll Shoppe.
 16740 | D:13     | Bought 3 scrolls of blinking for 360 gold pieces
 17969 | D:13     | Noticed a centaur warrior
 17973 | D:13     | Killed a centaur warrior
 17975 | D:13     | Noticed an ogre mage
 17980 | D:13     | Killed an ogre mage
 18195 | D:13     | Noticed a storm dragon
 18199 | D:13     | Noticed a fire giant
 18297 | D:13     | Noticed a centaur warrior
 18305 | D:13     | Killed a centaur warrior
 18594 | D:13     | Noticed a centaur warrior
 18644 | D:13     | Killed a centaur warrior
 18644 | D:13     | Reached XP level 13. HP: 48/94 MP: 5/29
 18890 | Lair:1   | Entered Level 1 of the Lair of Beasts
 19357 | Lair:1   | Reached skill level 10 in Evocations
 19364 | Lair:1   | Identified Sif Muna's Volume of Twisted Enchantment
 19367 | Lair:1   | Learned a level 1 spell: Apportation
 19887 | Lair:2   | Found a frozen archway.
 19928 | Lair:2   | Reached ****** piety under Dithmenos
 19950 | IceCv    | Entered an ice cave
 22369 | Lair:3   | Found a staircase to the Swamp.
 22498 | Lair:3   | Found a staircase to the Snake Pit.
 23061 | Lair:4   | Noticed Rupert
 23274 | Lair:4   | Killed Rupert
 23809 | Lair:4   | Noticed Josephine
 23815 | Lair:4   | Killed Josephine
 23826 | Lair:4   | Learned a level 4 spell: Fulminant Prism
 23947 | Lair:4   | Reached XP level 14. HP: 104/106 MP: 1/31
 25272 | Lair:5   | Identified a scroll of acquirement
 25279 | Lair:5   | Identified a +1 pair of boots of running (You acquired it on level 5 of the Lair of Beasts)
 25450 | Lair:5   | Learned a level 6 spell: Poisonous Cloud
 25726 | Lair:5   | Reached skill level 1 in Air Magic
 26158 | Lair:5   | Reached skill level 2 in Air Magic
 26538 | Lair:6   | Learned a level 6 spell: Deflect Missiles
 26657 | Lair:6   | Reached skill level 3 in Air Magic
 27244 | Lair:7   | Reached skill level 10 in Fighting
 27489 | Lair:7   | Gained mutation: Your magical capacity is low (-10% MP). [potion of mutation]
 27490 | Lair:7   | Lost mutation: Your tail ends in a poisonous barb. [potion of cure mutation]
 27490 | Lair:7   | Lost mutation: Your magical capacity is low (-10% MP). [potion of cure mutation]
 27490 | Lair:7   | Lost mutation: You are somewhat resistant to further mutation. [potion of cure mutation]
 27490 | Lair:7   | Lost mutation: You are frail (-10% HP). [potion of cure mutation]
 27705 | Lair:7   | Found a staircase to the Slime Pits.
 27712 | Lair:7   | Found a viscous altar of Jiyva.
 27916 | Lair:8   | Entered Level 8 of the Lair of Beasts
 27972 | Lair:8   | Reached skill level 4 in Air Magic
 28486 | Lair:8   | Reached skill level 5 in Air Magic
 28759 | Lair:8   | Reached XP level 15. HP: 123/126 MP: 28/33
 29238 | Lair:8   | Reached skill level 6 in Air Magic
 29627 | Lair:8   | Gained mutation: Your natural rate of healing is unusually fast. [potion of beneficial mutation]
 29628 | Lair:8   | Gained mutation: You are robust (+10% HP). [potion of beneficial mutation]
 29820 | Lair:8   | Identified Sif Muna's Almanac of Venom and Conjuration
 29838 | Lair:8   | Learned a level 6 spell: Freezing Cloud
 31302 | D:13     | Killed a storm dragon
 31364 | D:13     | Killed a fire giant
 31364 | D:13     | Reached skill level 7 in Air Magic
 31777 | D:14     | Noticed Agnes
 31790 | D:14     | Killed Agnes
 32300 | D:14     | Reached skill level 10 in Dodging
 32552 | D:14     | Reached skill level 8 in Air Magic
 32723 | D:14     | Found a gate to the Vaults.
 33627 | D:15     | Entered Level 15 of the Dungeon
 33636 | D:15     | Noticed Sonja
 33640 | D:15     | Killed Sonja
 33980 | D:15     | Found a staircase to the Depths.
 33980 | D:15     | Noticed a fire giant
 34088 | D:15     | Killed a fire giant
 34389 | D:15     | Reached skill level 9 in Air Magic
 35120 | Orc:1    | Entered Level 1 of the Orcish Mines
 35217 | Orc:2    | Entered Level 2 of the Orcish Mines
 35217 | Orc:2    | Found a staircase to the Elven Halls.
 35356 | Orc:2    | Noticed Donald
 35601 | Orc:2    | Found a roughly hewn altar of Beogh.
 36237 | Orc:2    | Killed Donald
 36237 | Orc:2    | Reached XP level 16. HP: 147/147 MP: 14/34
 36699 | Orc:2    | Reached skill level 1 in Shields
 36699 | Orc:2    | Reached skill level 15 in Spellcasting
 36968 | Orc:2    | Noticed Nergalle
 36974 | Orc:2    | Killed Nergalle
 37126 | Orc:2    | Found an ancient bone altar of Kikubaaqudgha.
 37200 | Orc:2    | Reached skill level 1 in Ice Magic
 37421 | Orc:2    | Found Qexkeviu's Book Shoppe.
 37443 | Orc:2    | Found a radiant altar of Vehumet.
 37710 | Orc:2    | Found a roughly hewn altar of Beogh.
 37710 | Orc:2    | Found Keuwuh's Gadget Emporium.
 37711 | Orc:2    | Found Issebbu's Magic Scroll Shoppe.
 37734 | Orc:2    | Found Ahoxe's Antique Weapon Emporium.
 37850 | Orc:2    | Bought a wand of heal wounds (3/9) for 588 gold pieces
 39502 | Orc:1    | Reached skill level 10 in Air Magic
 40425 | Snake:1  | Entered Level 1 of the Snake Pit
 40645 | Swamp:1  | Entered Level 1 of the Swamp
 41486 | Swamp:1  | Noticed a thorn hunter
 41491 | Swamp:1  | Killed a thorn hunter
 42658 | Swamp:2  | Reached skill level 11 in Air Magic
 42809 | Swamp:2  | Reached skill level 15 in Conjurations
 43073 | Swamp:3  | Got a pair of pitted gloves
 43084 | Swamp:3  | Identified the +0 pair of gloves of the Untouchables {Regen+ Int+7 Slay-4 SInv} (You found it on level 3 of the Swamp)
 43896 | Swamp:4  | Entered Level 4 of the Swamp
 44404 | Swamp:4  | Reached XP level 17. HP: 122/154 MP: 11/36
 44780 | Swamp:4  | Noticed a tentacled monstrosity
 44785 | Swamp:4  | Killed a tentacled monstrosity
 44785 | Swamp:4  | Reached skill level 12 in Air Magic
 46412 | Swamp:4  | Got a decaying rune of Zot
 46647 | Elf:1    | Entered Level 1 of the Elven Halls
 46653 | Elf:1    | Reached skill level 13 in Air Magic
 48095 | Elf:2    | Reached skill level 14 in Air Magic
 48288 | Elf:2    | Found a runed gate.
 48288 | Elf:2    | Found a runed gate.
 48288 | Elf:2    | Found a runed gate.
 48452 | Elf:2    | Reached XP level 18. HP: 161/161 MP: 26/38
 48773 | Elf:3    | Entered Level 3 of the Elven Halls
 48783 | Elf:3    | Found Xiqeposi's Weapon Boutique.
 49131 | Elf:3    | Paralysed by a hornet for 1 turns
 49440 | Elf:3    | Noticed Louise
 49453 | Elf:3    | Killed Louise
 50263 | Elf:3    | Reached skill level 15 in Air Magic
 51366 | Elf:3    | Got a pitted glass ring
 51367 | Elf:3    | Identified the ring "Cixefoj" {MR+ Str+4} (You took it off a deep elf annihilator on level 3 of the Elven Halls)
 51437 | Elf:3    | Identified the Almanac of the Dragonfly
 51475 | Elf:3    | Identified the Guide on Unstable Beguiling (You found it on level 3 of the Elven Halls)
 51480 | Elf:3    | Identified the Guide on Evil Talismans
 51488 | Elf:3    | Learned a level 6 spell: Haste
 51548 | Elf:3    | Identified the Guide on Flight and Arcane Weapons
 51553 | Elf:3    | Identified the Reference Book on Gliding Blows and Bruises
 51623 | Elf:3    | Got a twitching brass ring
 51624 | Elf:3    | Identified the ring "Pikoupyz" {SustAt rPois} (You took it off a deep elf sorcerer on level 3 of the Elven Halls)
 52148 | D:14     | Noticed Dirian's ghost (journeyman MiFi)
 52153 | D:14     | Killed Dirian's ghost
 52153 | D:14     | Reached skill level 16 in Air Magic
 52165 | Vaults:1 | Entered Level 1 of the Vaults
 52386 | Vaults:1 | Found a flickering gateway to a bazaar.
 52397 | Bazaar   | Entered a bazaar
 52397 | Bazaar   | Found Nolytum's Food Shop.
 52397 | Bazaar   | Found Voghoit's Magic Scroll Boutique.
 52397 | Bazaar   | Found Orukeh's Magic Scroll Boutique.
 52397 | Bazaar   | Found Katzag's Distillery.
 52397 | Bazaar   | Found Diulip's Armour Shop.
 52499 | Bazaar   | Bought a scroll of blinking for 90 gold pieces
 52502 | Bazaar   | Bought a potion of heal wounds for 50 gold pieces
 52502 | Bazaar   | Bought a potion of magic for 80 gold pieces
 52508 | Bazaar   | Bought a scroll of acquirement for 780 gold pieces
 52514 | Bazaar   | Bought a potion of cancellation for 80 gold pieces
 52517 | Bazaar   | Got a jewelled cloak
 52528 | Bazaar   | Identified the +0 cloak of Kiofuky {Stlth+} (You acquired it in a bazaar)
 53353 | Vaults:1 | Reached XP level 19. HP: 131/169 MP: 9/40
 53729 | Vaults:1 | Noticed Asterion
 54168 | Vaults:1 | Killed Asterion
 54420 | Vaults:1 | Noticed Norris
 55880 | Vaults:1 | Paralysed by Norris for 2 turns
 55891 | Vaults:1 | Killed Norris
 56706 | Lair:1   | Learned a level 6 spell: Conjure Ball Lightning
 57442 | Snake:1  | Reached skill level 17 in Air Magic
 58894 | Snake:2  | Noticed Saint Roka
 58906 | Snake:2  | Killed Saint Roka
 61173 | Snake:4  | Entered Level 4 of the Snake Pit
 61559 | Snake:4  | Reached XP level 20. HP: 168/177 MP: 33/42
 61628 | Snake:4  | Noticed Aizul
 61632 | Snake:4  | Killed Aizul
 61632 | Snake:4  | Reached skill level 18 in Air Magic
 62710 | Snake:4  | Reached skill level 19 in Air Magic
 63311 | Snake:4  | Got a serpentine rune of Zot
 63923 | Lair:1   | Learned a level 9 spell: Tornado
 64208 | Vaults:2 | Noticed Xtahua
 64224 | Vaults:2 | Killed Xtahua
 64728 | Vaults:2 | Reached skill level 20 in Air Magic
 65994 | Vaults:3 | Reached XP level 21. HP: 184/184 MP: 22/43
 66089 | Vaults:3 | Found a staircase to the Crypt.
 66110 | Vaults:3 | Reached skill level 21 in Air Magic
 66866 | Vaults:3 | You fall through a shaft!
 66916 | Vaults:4 | Found Cuohepha's Magic Scroll Shoppe.
 67671 | Vaults:4 | Found Husiecy's Gadget Boutique.
 67928 | Vaults:4 | Reached skill level 22 in Air Magic
 68029 | Vaults:4 | Found Miumaze's Jewellery Shop.
 68804 | Vaults:4 | Found Pikkaq's Gadget Shop.
 68968 | Vaults:4 | Found a portal to a secret trove of treasure.
 69241 | Vaults:4 | Found Bodghyplo's General Store.
 69838 | Vaults:4 | Reached skill level 23 in Air Magic
 70107 | Lair:1   | Learned a level 3 spell: Regeneration
 70368 | Vaults:5 | Entered Level 5 of the Vaults
 70371 | Vaults:5 | Reached skill level 1 in Necromancy
 70372 | Vaults:5 | Reached XP level 22. HP: 149/191 MP: 17/44
 70423 | Vaults:5 | Noticed a golden dragon
 70466 | Vaults:5 | Reached skill level 5 in Necromancy
 70488 | Vaults:5 | Noticed a golden dragon
 70495 | Vaults:5 | Noticed an ancient lich
 70495 | Vaults:5 | Noticed Sojobo
 70686 | Vaults:5 | Killed Sojobo
 70688 | Vaults:5 | Killed an ancient lich
 70970 | Vaults:5 | Killed a golden dragon
 71159 | Vaults:4 | Gained mutation: You expend magic power (3 MP) to strengthen your wands. [mutagenic glow]
 71409 | Vaults:5 | Reached skill level 24 in Air Magic
 71660 | Vaults:5 | Reached skill level 10 in Necromancy
 71686 | Vaults:4 | Reached XP level 23. HP: 131/199 MP: 3/45
 72147 | Vaults:5 | Got a bound golden ring
 72373 | Vaults:5 | Identified the ring of Eheppoe {+Inv rElec MP-9 EV+3 Dex+5} (You took it off a frost giant on level 5 of the Vaults)
 72388 | Vaults:5 | Got a smoking brass amulet
 72389 | Vaults:5 | Identified the amulet of the Mantidfly {MR+ Regen+ Str+7 Int+5} (You took it off an ironbrand convoker on level 5 of the Vaults)
 72667 | Vaults:5 | Got an ancient brass ring
 72668 | Vaults:5 | Identified the ring "Oshryufe" {rF- Str+5 Dex+5} (You took it off a vault sentinel on level 5 of the Vaults)
 73042 | Vaults:5 | Got a smoking ruby amulet
 73043 | Vaults:5 | Identified the amulet of Lies {Faith rF+} (You found it on level 5 of the Vaults)
 73053 | Vaults:5 | Got a silver rune of Zot
 73256 | Vaults:5 | Identified the Compendium of Attacks and Venom
 74076 | Lair:1   | Learned a level 8 spell: Necromutation
 74201 | Slime:1  | Entered Level 1 of the Pits of Slime
 74626 | Slime:2  | Reached skill level 1 in Transmutations
 76335 | Slime:6  | Entered Level 6 of the Pits of Slime
 76479 | Slime:6  | Reached skill level 5 in Transmutations
 76545 | Slime:6  | Noticed the Royal Jelly
 76552 | Slime:6  | Killed the Royal Jelly
 76715 | Slime:6  | Gained mutation: Your magical capacity is low (-10% MP). [a shining eye]
 76716 | Slime:6  | Gained mutation: Your body sometimes deteriorates upon taking damage. [a shining eye]
 76979 | Slime:6  | Got a pitted lead ring
 76988 | Slime:6  | Got a slimy rune of Zot
 77015 | Slime:6  | Identified the ring of Wyaf {+Blink rPois MR+ Dex-3 Stlth+} (You found it on level 6 of the Pits of Slime)
 77055 | Slime:6  | Got a clouded bronze amulet
 77079 | Slime:6  | Identified the amulet "Nes Basa" {Gourm Stlth+} (You found it on level 6 of the Pits of Slime)
 77189 | Lair:7   | Lost mutation: You are robust (+10% HP). [potion of cure mutation]
 77189 | Lair:7   | Lost mutation: Your magical capacity is low (-10% MP). [potion of cure mutation]
 77189 | Lair:7   | Lost mutation: Your body sometimes deteriorates upon taking damage. [potion of cure mutation]
 77189 | Lair:7   | Lost mutation: You expend magic power (3 MP) to strengthen your wands. [potion of cure mutation]
 77467 | Depths:1 | Entered Level 1 of the Depths
 77633 | Depths:1 | Noticed Mennas
 77809 | Depths:1 | Found a glowing silver altar of Zin.
 77978 | Depths:1 | Killed Mennas
 78548 | Depths:1 | Reached XP level 24. HP: 150/188 MP: 31/45
 79550 | Depths:1 | Found a gateway to Hell.
 79634 | Depths:1 | Found a one-way gate leading to the halls of Pandemonium.
 81012 | Depths:2 | Found Vuerghemm's Book Shop.
 81261 | Depths:2 | Reached skill level 10 in Transmutations
 81333 | Depths:2 | Found a shimmering altar of Xom.
 82185 | Depths:3 | Noticed Jory
 82245 | Depths:3 | Killed Jory
 82245 | Depths:3 | Reached skill level 15 in Necromancy
 82411 | Depths:3 | Found a one-way gate to the infinite horrors of the Abyss.
 82445 | Depths:3 | Noticed an iron giant
 82466 | Depths:3 | Killed an iron giant
 83993 | Depths:4 | Noticed Boris
 84017 | Depths:4 | Killed Boris
 84210 | Depths:4 | Noticed Mara
 84363 | Depths:4 | Noticed namelastname112's illusion
 84369 | Depths:4 | Killed Mara
 84369 | Depths:4 | Reached XP level 25. HP: 116/193 MP: 32/45
 84777 | Depths:4 | Found an iron altar of Okawaru.
 85894 | Depths:4 | Found a shattered altar of Ashenzari.
 86286 | Depths:4 | Reached skill level 15 in Evocations
 86593 | Depths:4 | Found a radiant altar of Vehumet.
 86700 | Depths:4 | Found a shimmering altar of Xom.
 87281 | Depths:4 | Got a sparkling jade ring
 87282 | Depths:4 | Identified the ring "Fisamniodgh" {rElec rF+ Int+10 Dex-5} (You took it off a salamander stormcaller on level 4 of the Depths)
 87343 | Depths:5 | Entered Level 5 of the Depths
 87382 | Depths:5 | Found a gate to the Realm of Zot.
 87447 | Depths:5 | Found a magical portal.
 87452 | WizLab   | Entered Wucad Mu's Monastery
 87751 | WizLab   | Gained mutation: You are somewhat resistant to further mutation. [potion of beneficial mutation]
 87763 | WizLab   | Reached XP level 26. HP: 200/203 MP: 45/45
 87964 | Depths:5 | Found a gateway to a ziggurat.
 88282 | Depths:5 | Reached skill level 5 in Ice Magic
 88693 | Depths:5 | Reached XP level 27. HP: 212/212 MP: 23/46
 89031 | Zig:1    | Entered Level 1 of a ziggurat
 89060 | Zig:2    | Entered Level 2 of a ziggurat
 89069 | Zig:2    | Reached skill level 1 in Invocations
 89074 | Zig:2    | Got an ancient lapis lazuli ring
 89075 | Zig:2    | Identified the ring "Saklotrey" {*Tele rF+ rN+ Str+5 Dex-5} (You found it on level 2 of a ziggurat)
 89078 | Zig:2    | Got a glittering golden ring
 89079 | Zig:2    | Identified the ring "Pidoj" {rC+ Int+6} (You found it on level 2 of a ziggurat)
 89089 | Zig:3    | Entered Level 3 of a ziggurat
 89108 | Zig:3    | Got a slimy iron ring
 89109 | Zig:3    | Identified the ring "Oreog" {rC+ rN+ Dex+2} (You found it on level 3 of a ziggurat)
 89122 | Zig:4    | Entered Level 4 of a ziggurat
 89245 | Zig:5    | Entered Level 5 of a ziggurat
 89281 | Zig:6    | Entered Level 6 of a ziggurat
 89354 | Zig:7    | Entered Level 7 of a ziggurat
 89391 | Zig:7    | Got a heavily runed ivory ring
 89392 | Zig:7    | Identified the ring "Halag" {+Blink rC+ Str+3} (You found it on level 7 of a ziggurat)
 89398 | Zig:8    | Entered Level 8 of a ziggurat
 89467 | Zig:9    | Entered Level 9 of a ziggurat
 89475 | Zig:9    | Noticed a juggernaut
 89484 | Zig:9    | Killed a juggernaut
 89530 | Zig:10   | Entered Level 10 of a ziggurat
 89541 | Zig:10   | Reached skill level 5 in Invocations
 89562 | Zig:10   | Got a fine jade ring
 89563 | Zig:10   | Identified the ring of Zobys {rPois rF+} (You found it on level 10 of a ziggurat)
 89567 | Zig:10   | Identified a +5 rod of inaccuracy (10/10) (You found it on level 10 of a ziggurat)
 89591 | Zig:11   | Entered Level 11 of a ziggurat
 89657 | Zig:12   | Entered Level 12 of a ziggurat
 89817 | Zig:13   | Entered Level 13 of a ziggurat
 89925 | Zig:13   | Got a coiled pewter ring
 89926 | Zig:13   | Identified the ring "Ceoduema" {rElec rN+ Str+4 Dex+2} (You found it on level 13 of a ziggurat)
 89929 | Zig:13   | Got a translucent tin ring
 89930 | Zig:13   | Identified the ring "Xeaxt" {rPois Int+5} (You found it on level 13 of a ziggurat)
 89942 | Zig:14   | Entered Level 14 of a ziggurat
 89993 | Zig:14   | Got a glittering tin amulet
 89994 | Zig:14   | Identified the amulet of Due Proportion {Reflect Dex+3 SH+6 SInv} (You found it on level 14 of a ziggurat)
 90084 | Zig:14   | Reached skill level 10 in Shields
 90129 | Zig:15   | Entered Level 15 of a ziggurat
 90188 | Zig:15   | Got a coiled amber ring
 90190 | Zig:15   | Identified the ring of the Invisible Hand {Wiz Str+2} (You found it on level 15 of a ziggurat)
 90274 | Zig:16   | Entered Level 16 of a ziggurat
 90389 | Zig:16   | Got a vibrating silver ring
 90390 | Zig:16   | Identified the ring of Vuvae {SustAt rElec} (You found it on level 16 of a ziggurat)
 90400 | Zig:16   | Identified the Incunabulum of Virous Confrontation
 90404 | Zig:16   | Identified the Grimoire of the Fifty Moons
 90417 | Zig:16   | Identified the Incunabulum of Freezing Attacks (You found it on level 16 of a ziggurat)
 90438 | Zig:17   | Entered Level 17 of a ziggurat
 90459 | Zig:17   | Reached skill level 15 in Shields
 90489 | Zig:17   | Identified the Catalogue of Dark Confrontation
 90498 | Zig:17   | Identified Onuhirot's Disquisition on Dusty Changing
 90514 | Zig:18   | Entered Level 18 of a ziggurat
 90555 | Zig:18   | Mangled by an emperor scorpion

Vault maps used:
D:1:      onia_arrival_mini_maze
D:2:      minmay_overflow_temple_star_hex
D:3:      wad_woods_settlement
D:4:      uniq_sigmund
D:5:      first_bread, ashenzari_altar_1, uniq_blork_the_orc
D:6:      minmay_temple_entry_statues
D:7:      kennysheep_mini, serial_bayou_pond_c
D:8:      old_standard_altar, lemuel_round_altar, serial_shops, shop,
          uniq_gastronok, uniq_prince_ribbit1, uniq_maurice
D:9:      serial_shops, shop_statue
D:10:     hiddenorc2_lemuel, serial_shops, shop, uniq_joseph
D:11:     lair_0_dummy
D:12:     hangedman_fish_farm
D:13:     minmay_expanding_squares, serial_shops, shop, lab_entry_generic,
          kennysheep_potato
D:14:     grunt_vaults_entry_tiered, infiniplex_staircase_trident, uniq_agnes
D:15:     grunt_enter_depths_giant_problem, dk_noncrumbling_4,
          minmay_misc_feat_more_columns, uniq_sonja
Temple:   triangle_lava_temple_12
Lair:2:   portal_ice_cave_entry_imps, beast_lair_carwin_1,
          bh_autumn_forest_stairs
Lair:3:   swamp_mist_pool, guppyfry_snake_entry_garden, serial_bayou_shore_b,
          grunt_megastairs_5
Lair:4:   grunt_megastairs_4, serial_bayou_shore_a, uniq_josephine, uniq_rupert
Lair:5:   dpeg_oklob_gauntlet, minivault_19, lemuel_fruit_fields
Lair:6:   grunt_megastairs_2
Lair:7:   slime_altar_1
Lair:8:   minmay_lair_end_frog_pond, grunt_forest_large_clearings
Swamp:1:  hangedman_swamp_ruin_wall, infiniplex_staircase_pool
Swamp:2:  serial_swamp_ruin, hangedman_swamp_ruin_hall,
          evilmike_swamp_ruin_rubble_1
Swamp:3:  evilmike_swamp_ruin_house_5
Swamp:4:  swamp, swamp_pool2, nicolae_swamp_dense_foliage
Snake:2:  uniq_saint_roka
Snake:3:  special_room, st_stairs_10, spider_trap
Snake:4:  snake_pit, lemuel_fruit_tree, uniq_aizul
Slime:1:  basic_altar
Slime:2:  cheibrodos_slime_lost_civilization_2
Orc:2:    kennysheep_orc_mage_school, kennysheep_orc_chapel, uniq_donald
Elf:1:    elf_arrival_002, kennysheep_underground_church, minivault_26
Elf:3:    elf_hall, serial_shops, shop, uniq_louise
Vaults:1: hangedman_vaults_stitches, v_misc_33, v_pattern_4, vaults_dpeg_ring,
          nicolae_vaults_mini_display_case, ontoclasm_vaults_gateway,
          serial_shops, bzr_entry_customers, uniq_asterion, uniq_norris
Vaults:2: hangedman_vaults_corner_blocks, v_alt_pattern_3,
          hangedman_vaults_nodes, v_rooms_4, v_pattern_1, v_misc_10,
          hangedman_vaults_hat, vaults_mumra_chevron, serial_ice_m,
          nicolae_vaults_little_squares_5, uniq_xtahua
Vaults:3: v_misc_31, v_misc_22, nicolae_vaults_circle_grid_a,
          minmay_crypt_entry_simple_round, v_misc_15, v_rooms_5,
          vaults_room_door_hall, v_misc_33, ontoclasm_vaults_chip,
          vaults_room_hangedman_quadrants, v_misc_14,
          hangedman_vaults_restitches, serial_glass
Vaults:4: dpeg_vaults_monster_row, vaults_standard_mumra_lines,
          grunt_vaults_diagonal, nicolae_vaults_little_squares_4,
          ontoclasm_vaults_bender, grunt_vaults_focal,
          grunt_vaults_hallway_long, dpeg_vaults_monster_box, v_misc_19,
          nicolae_vaults_border_crossing, nicolae_vaults_sealed_display,
          nicolae_vaults_yaktaur_gun_rack, serial_shops, shop,
          nicolae_shop_waterfront, shop, shop_coins, shop, enter_trove_3
Vaults:5: serial_shops, uniq_sojobo
Depths:1: evilmike_silver_temple, grunt_hell_entry_dis_mu,
          rand_demon_pan_entry_8, hangedman_decor_clover_reticule,
          hangedman_decor_diamond_cutter, grunt_decor_clamped
Depths:2: evilmike_marble_ring, lightli_too_deep, serial_shops, shop_statue,
          minmay_staircase_statues_hall_small, st_stairs_7, lemuel_statue_altar
Depths:3: lightli_tower_of_babel, minivault_11, pan_entry, abyss_entry,
          hell_entry, spider_trap, uniq_jory
Depths:4: grunt_profane_halls, hell_entry, abyss_entry, uniq_boris, uniq_mara
Depths:5: grunt_crosshair, enter_ziggurat_d, grunt_pan_entry_sceptre,
          infiniplex_enter_wizlab_spiral, hell_entry
Zig:6:    ziggurat_pillar_centre_oklobs
Zig:17:   ziggurat_pillar_centre_dead_trees
Zig:18:   ziggurat_pillar_centre_c
Lab:      labyrinth_hidden_loot
Bazaar:   bazaar_minmay_trees
IceCv:    ice_cave_small_dragons
WizLab:   wizlab_wucad

Skill      XL: |  1  2  3  4  5  6  7  8  9 10 11 12 13 14 15 16 17 18 19 20 21 22 23 24 25 26 27 |
---------------+----------------------------------------------------------------------------------+-----
Conjurations   | 5 6 7 8 9 10 11 12 13 14 15 16 17 | 17.9
Spellcasting   | 3 4 5 6 7 9 10 11 12 13 14 15 16 17 18 19 20 | 20.5
Charms         | 1 2 4 5 8 |  8.7
Evocations     | 2 5 6 8 9 11 13 15 16 | 16.7
Fighting       | 2 5 7 9 10 11 12 | 12.7
Dodging        | 2 4 6 8 9 10 11 12 | 12.5
Air Magic      | 5 9 11 14 16 17 20 23 24 | 24.6
Shields        | 4 15 | 15.2
Ice Magic      | 3 4 5 8 |  8.8
Necromancy     | 2 10 13 15 16 | 16.8
Transmutations | 8 11 13 | 13.4
Invocations    | 9 |  9.3
Stealth        | |  1.7

Action                   |  1- 3 |  4- 6 |  7- 9 | 10-12 | 13-15 | 16-18 | 19-21 | 22-24 | 25-27 || total
-------------------------+-------+-------+-------+-------+-------+-------+-------+-------+-------++-------
Melee: Dagger            |    44 |    10 |       |       |       |       |       |       |       ||    54
       Unarmed           |       |       |    22 |       |       |       |       |       |       ||    22
       Staff             |       |       |     2 |    30 |     8 |    21 |    10 |    40 |    18 ||   129
 Cast: Magic Dart        |    74 |   101 |   265 |   579 |   989 |   791 |     3 |       |       ||  2802
       Searing Ray       |       |     8 |    27 |    34 |    46 |     1 |       |       |       ||   116
       Iskenderun's Batt |       |       |    13 |    89 |   103 |    80 |     1 |       |       ||   286
       Fulminant Prism   |       |       |       |       |    45 |    10 |       |       |       ||    55
       Orb of Destructio |       |       |       |       |    78 |   201 |   157 |   196 |    72 ||   704
       Freezing Cloud    |       |       |       |       |     8 |    77 |    44 |     1 |       ||   130
       Deflect Missiles  |       |       |       |       |     1 |     2 |     4 |     5 |     3 ||    15
       Conjure Ball Ligh |       |       |       |       |       |       |   230 |    46 |    26 ||   302
       Haste             |       |       |       |       |       |       |     4 |    12 |     8 ||    24
       Tornado           |       |       |       |       |       |       |     1 |    85 |    73 ||   159
       Regeneration      |       |       |       |       |       |       |       |     2 |       ||     2
       Necromutation     |       |       |       |       |       |       |       |       |    30 ||    30
 Abil: Breathe Dispellin |       |       |     1 |     1 |       |       |     1 |     1 |       ||     4
       Evoke Invisibilit |       |       |       |       |       |       |       |       |     3 ||     3
       End Transformatio |       |       |       |       |       |       |       |       |     1 ||     1
Evoke: Staff of energy   |       |       |     8 |    29 |   138 |   119 |    70 |    62 |    20 ||   446
       Wand              |       |       |       |       |     1 |     7 |       |     4 |     5 ||    17
       Sack of spiders   |       |       |       |       |     2 |     1 |     9 |       |       ||    12
       Phial of floods   |       |       |       |       |       |       |     1 |       |       ||     1
       Rod               |       |       |       |       |       |       |     3 |       |       ||     3
       Box of beasts     |       |       |       |       |       |       |       |       |     1 ||     1
       Staff of Wucad Mu |       |       |       |       |       |       |       |       |   114 ||   114
       Disc of storms    |       |       |       |       |       |       |       |       |     3 ||     3
       Fan of gales      |       |       |       |       |       |       |       |       |     1 ||     1
  Use: Potion            |       |     1 |     2 |     6 |     6 |       |       |     1 |    10 ||    26
       Scroll            |       |       |    19 |    13 |    13 |    10 |     8 |    18 |    28 ||   109
 Stab: Sleeping          |     1 |     1 |       |       |       |       |       |       |       ||     2
  Eat: Chunk             |     3 |     8 |    19 |    24 |    28 |    14 |    21 |    24 |     1 ||   142
       Pizza             |       |     1 |       |     2 |     1 |     1 |       |     1 |     3 ||     9
       Royal jelly       |       |       |     1 |       |     1 |     1 |     1 |     5 |     1 ||    10
       Fruit             |       |       |       |     1 |     3 |       |     5 |     5 |       ||    14
       Meat ration       |       |       |       |     1 |     3 |     7 |     7 |     3 |       ||    21
       Beef jerky        |       |       |       |       |     7 |     2 |     5 |       |     1 ||    15
       Bread ration      |       |       |       |       |       |       |     1 |     1 |       ||     2
